 Dungeon Crawl Stone Soup version 0.27-a0-1565-gad902ab807 (webtiles) character file.

Game seed: 7637125792238476992

2592 tilp the Summoner (level 9, -14/69 HPs)
             Began as a Barachi Summoner on July 16, 2021.
             Was an Elder of Okawaru.
             Demolished by an orc knight (16 damage)
             ... in a bailey.
             The game lasted 00:17:50 (11057 turns).

tilp the Summoner (Barachi Summoner)               Turns: 11057, Time: 00:17:50

Health: -14/69     AC:  8    Str: 13    XL:     9   Next: 58%
Magic:  13/15      EV: 11    Int: 15    God:    Okawaru [****..]
Gold:   404        SH:  5    Dex: 13    Spells: 3/16 levels left

rFire    . . .     SeeInvis .   a - +2 spear (freeze)
rCold    . . .     Faith    +   G - +0 buckler
rNeg     . . .     Spirit   .   D - +0 ring mail
rPois    .         Reflect  .   n - +0 helmet
rElec    .         Harm     .   (no cloak)
rCorr    .         Rampage  .   (no gloves)
Will     .....                  E - +1 pair of boots
Stlth    ++........             d - amulet of faith
HPRegen  0.21/turn              (no ring)
MPRegen  0.14/turn              (no ring)

@: marked, hasted, quick
A: amphibious, slowness 1, strong legs 1, +LOS
a: Hop, Renounce Religion, Heroism


You were in a bailey.
You worshipped Okawaru.
Okawaru was greatly pleased with you.
You visited 2 branches of the dungeon, and saw 9 of its levels.
You also visited: Bailey.

You collected 404 gold pieces.

Inventory:

Hand Weapons
 a - a +2 spear of freezing (weapon)
 b - a +2 dagger of venom
 k - a +0 spear
 s - a +0 rapier of holy wrath
 t - a +0 war axe
 u - a +0 trident
 z - a +0 halberd
 A - a +0 quarterstaff
 B - a +3 flail
 C - a +1 whip of electrocution
 F - a +2 dagger of holy wrath
 H - a +0 glaive
Missiles
 h - 8 poisoned darts (quivered)
 y - a throwing net
Armour
 n - a +0 helmet (worn)
 p - a +1 chain mail of cold resistance
 D - a +0 ring mail (worn)
 E - a +1 pair of boots (worn)
 G - a +0 buckler (worn)
Magical Staves
 i - a staff of conjuration
 m - a staff of cold
Jewellery
 d - an amulet of faith (around neck)
 f - an amulet of magic regeneration
Wands
 w - a wand of mindburst (3)
Scrolls
 g - a scroll of holy word
 l - 4 scrolls of teleportation
Potions
 c - 4 potions of mutation
 e - a potion of brilliance
 j - 2 potions of magic
 r - 4 potions of attraction
 v - 4 potions of flight
 x - a potion of berserk rage


   Skills:
 - Level 6.0 Fighting
 - Level 4.0 Dodging
 - Level 4.0 Stealth
 - Level 4.0 Shields
 - Level 4.0 Spellcasting
 - Level 8.0 Summonings
 + Level 5.8 Invocations
 - Level 4.0 Evocations


You had 3 spell levels left.
You knew the following spells:

 Your Spells              Type           Power      Damage    Failure   Level
a - Summon Small Mammal   Summ           100%       N/A       1%          1
b - Call Imp              Summ           27%        N/A       2%          2
c - Call Canine Familiar  Summ           27%        N/A       4%          3
d - Summon Guardian Gole  Hex/Summ       15%        N/A       22%         3
e - Summon Lightning Spi  Summ/Air       15%        N/A       58%         4

Your spell library contained the following spells:

 Spells                   Type           Power      Damage    Failure   Level
 Gell's Gravitas          Tloc           1%         N/A       75%         3
 Teleport Other           Tloc           3%         N/A       75%         3
 Freezing Cloud           Conj/Ice/Air   1%         6-21      100%        5
 Dispersal                Tloc           1%         N/A       100%        6
 Simulacrum               Ice/Necr       1%         N/A       100%        6
 Polar Vortex             Ice            1%         N/A       100%        9


Dungeon Overview and Level Annotations

Branches:
Dungeon (8/15)             Temple (1/1) D:4          Bailey (1/1)
   Lair: D:8-11

Altars:
Dithmenos
Fedhas
Kikubaaqudgha
Makhleb
Nemelex Xobeh
Okawaru
Qazlal
Sif Muna
Uskayaw
Vehumet
Wu Jian
Xom
Yredelemnul
Zin
The Shining One

Annotations:
D:3 2 transporters, DEFE's ghost, amateur DjFE; Ijyb
D:4 Blork the orc
D:5 exclusion: black bear, Dowan; Duvessa


Innate Abilities, Weirdness & Mutations

You are amphibious.
You cover ground slowly.
You can hop short distances.
You have an extended range of vision and can be seen from far away.


Message History

The orc completely misses you.
The goblin hits your guardian golem with a +0 war axe.
Unknown command.
Unknown command.
It was a potion of haste.
You feel yourself speed up. The orc hits you with a +0 hand axe.
* * * LOW HITPOINT WARNING * * *
The orc hits your guardian golem but does no damage.
The orc misses you. You block the orc warrior's attack.
The orc warrior hits your guardian golem with a +0 broad axe!
The orc hits you with a +0 hand axe.
* * * LOW HITPOINT WARNING * * *
Your guardian golem overheats!
The goblin hits your guardian golem with a +0 war axe.
Flame seeps out of your guardian golem.
Unknown command.
Unknown command.
You hit the orc. You freeze the orc.
The orc is severely wounded.
The orc hits you with a +0 hand axe.
* * * LOW HITPOINT WARNING * * *
The orc hits your guardian golem with a +0 hand axe!
Your guardian golem explodes!
The fiery explosion engulfs the orc warrior!!!
The orc warrior dies!
Okawaru accepts your kill.
The fiery explosion engulfs the orc!!
The orc dies!
Okawaru accepts your kill.
The fiery explosion engulfs the hobgoblin!!
The hobgoblin dies!
Okawaru accepts your kill.
The fiery explosion engulfs the goblin!!
The goblin dies!
Okawaru accepts your kill. The orc hits you with a +0 war axe!
* * * LOW HITPOINT WARNING * * *
The orc closely misses you.
The orc knight hits you with a +0 battleaxe!
You die...

# .# #####
'##
#o§○#oo.#..
#@§)§o8....
#oo.#...#..
##### .##
.# #


You could see an orc knight, 3 orc warriors and 2 orcs.

Vanquished Creatures
  Pikel (D:5)
  A steam dragon (D:6)
  A water moccasin (D:5)
  An ice beast (D:7)
  2 orc warriors
  A hornet zombie (D:7)
  An ogre (D:6)
  A phantom (D:5)
  A bullfrog (D:7)
  3 scorpions
  A wight (D:6)
  An electric eel (D:6)
  3 bullfrog zombies
  A centaur zombie (D:5)
  An orc priest (D:6)
  3 iguanas
  A gnoll (D:7)
  2 adders (D:6)
  A white imp (D:7)
  An adder skeleton (D:4)
  14 orcs
  4 ball pythons
  8 endoplasms
  2 giant cockroaches (D:1)
  5 goblins
  A hobgoblin (D:3)
  2 jackals (D:2)
  2 quokkas (D:4)
  A bat (D:2)
  A frilled lizard (D:2)
  A goblin skeleton (D:7)
  A hobgoblin zombie (D:7)
  9 kobolds
  A kobold skeleton (D:7)
  An orc skeleton (D:7)
  3 rats
84 creatures vanquished.

Vanquished Creatures (collateral kills)
  2 water moccasins (D:7)
  An orc warrior (D:8)
  A black bear (D:6)
  An ice beast (D:6)
  A necrophage (D:6)
  2 ogres (D:6)
  A gnoll sergeant (D:5)
  A scorpion (D:6)
  A howler monkey (D:7)
  A jelly (D:7)
  2 hounds
  An orc priest (D:8)
  Jessica (D:3)
  An iguana (D:4)
  An orc wizard (D:6)
  A scorpion zombie (D:5)
  A hound skeleton (D:4)
  An adder (D:4)
  8 gnolls
  A shadow imp (D:7)
  A dart slug (D:4)
  6 orcs
  An endoplasm (D:4)
  A giant cockroach (D:4)
  2 goblins (D:8)
  3 hobgoblins
  2 ball pythons (D:1)
  2 bats (D:1)
  A frilled lizard (D:3)
  A goblin skeleton (D:7)
  2 hobgoblin zombies (D:7)
  An orc skeleton (D:7)
  An orc zombie (D:7)
  8 rats
62 creatures vanquished.

Vanquished Creatures (others)
  2 orc warriors
  A bullfrog (D:7)
  A bullfrog zombie (D:7)
  An orc wizard (D:7)
  A howler monkey skeleton (D:7)
  An orc (Bailey)
  A hobgoblin (Bailey)
  A goblin (Bailey)
9 creatures vanquished.

Grand Total: 155 creatures vanquished

Notes
Turn   | Place    | Note
-------+----------+-------------------------------------------
     0 | D:1      | tilp the Barachi Summoner began the quest for the Orb.
     0 | D:1      | Reached XP level 1. HP: 13/13 MP: 3/3
   299 | D:1      | Reached skill level 1 in Fighting
   609 | D:1      | Reached XP level 2. HP: 22/22 MP: 0/5
   716 | D:1      | Found a faded altar of an unknown god.
  1178 | D:1      | Reached skill level 5 in Summonings
  1620 | D:2      | Learned a level 2 spell: Call Imp
  2016 | D:2      | Reached XP level 3. HP: 27/27 MP: 6/6
  2218 | D:2      | Learned a level 3 spell: Call Canine Familiar
  2317 | D:3      | Noticed DEFE's ghost (amateur DjFE)
  2317 | D:3      | Found a transporter.
  2355 | D:3      | Reached XP level 4. HP: 22/33 MP: 4/8
  2905 | D:3      | Noticed Ijyb
  2978 | D:3      | Noticed Jessica
  2989 | D:3      | Killed Jessica
  2990 | D:3      | Reached skill level 6 in Summonings
  3058 | D:3      | Found a transporter.
  3160 | D:4      | Reached XP level 5. HP: 29/39 MP: 1/9
  3578 | D:4      | Reached XP level 6. HP: 37/47 MP: 4/10
  3722 | D:4      | Found a sparkling altar of Nemelex Xobeh.
  3815 | D:4      | Found a radiant altar of Vehumet.
  3882 | D:4      | Noticed Blork the orc
  4022 | D:4      | Found a staircase to the Ecumenical Temple.
  4032 | Temple   | Entered the Ecumenical Temple
  4254 | Temple   | Became a worshipper of Warmaster Okawaru
  4395 | D:5      | Entered Level 5 of the Dungeon
  4451 | D:5      | Noticed a water moccasin
  4728 | D:5      | Reached skill level 1 in Invocations
  5006 | D:5      | Noticed a black bear
  5092 | D:5      | Reached * piety under Okawaru
  5389 | D:5      | Reached XP level 7. HP: 49/54 MP: 11/11
  5508 | D:5      | Noticed Pikel
  5525 | D:5      | Killed Pikel
  5525 | D:5      | Reached ** piety under Okawaru
  5836 | D:5      | Reached XP level 8. HP: 9/60 MP: 3/13
  6116 | D:5      | Noticed Duvessa
  6521 | D:5      | Noticed Dowan
  6764 | D:6      | Reached skill level 7 in Summonings
  7121 | D:6      | Reached skill level 8 in Summonings
  7197 | D:6      | Reached skill level 1 in Evocations
  7390 | D:6      | Noticed an air elemental
  7393 | D:6      | Found a stormy altar of Qazlal.
  7397 | D:6      | Noticed a water elemental
  7511 | D:6      | Reached *** piety under Okawaru
  7756 | D:6      | HP: 3/61 [steam dragon/ball of steam (12)]
  7758 | D:6      | Reached skill level 1 in Shields
  8306 | D:6      | Reached skill level 5 in Fighting
  8745 | D:7      | Reached XP level 9. HP: 61/68 MP: 9/15
  8885 | D:7      | Found a glowing golden altar of the Shining One.
  9008 | D:6      | Learned a level 3 spell: Summon Guardian Golem
  9013 | D:6      | Learned a level 4 spell: Summon Lightning Spire
  9588 | D:7      | Reached skill level 5 in Invocations
 10030 | D:7      | Found a blossoming altar of Fedhas.
 10552 | D:7      | Found a hide-covered altar of Uskayaw.
 10773 | D:8      | Found a flagged portal.
 10786 | D:8      | Reached **** piety under Okawaru
 10996 | Bailey   | Entered a bailey
 11017 | Bailey   | Noticed an orc knight
 11057 | Bailey   | HP: 2/69 [orc (7)]
 11057 | Bailey   | Demolished by an orc knight

Illustrated notes

Levels and vault maps discovered:
D:1:      amcnicky_arrival_abandoned_market, layout_basic,
          shapermc_ecumenical_altar_totnotflames, serial_forest,
          infiniplex_forest_lined_1, infiniplex_forest_end_2,
          infiniplex_forest_clump_medium, infiniplex_forest_straight_2,
          infiniplex_forest_clump_tiny, infiniplex_forest_end_1,
          infiniplex_forest_diagonal, infiniplex_forest_split, minmay_3d_cube
D:2:      layout_loops_cross
D:3:      layout_rooms, gammafunk_ghost_mausoleum, uniq_ijyb, uniq_jessica
D:4:      layout_cave_pools, mainiacjoe_overflow_two_lobes,
          nicolae_vehumet_altar_sigil, nemelex_xobeh_ov_fountains_minmay,
          minmay_temple_entry_statues_fountains, uniq_blork_the_orc
D:5:      layout_gridville, uniq_pikel, uniq_duvessa
D:6:      layout_loops_ring, nicolae_qazlal_style_of_elements,
          kennysheep_diamond
D:7:      layout_cave_pools, marbit_many_paths, nicolae_tso_besieged_by_evil,
          mainiacjoe_overflow_paths
D:8:      layout_loops_ring, nicolae_ru_path_of_blood, enter_bailey_3,
          columned_hall_lemuel
Temple:   compressed_dpeg_triangle_lava_temple
Bailey:   bailey_axe_1, bailey

Skill      XL: |  1  2  3  4  5  6  7  8  9 |
---------------+----------------------------+-----
Fighting       | 1 2 3 4 5 6 |  6.0
Summonings     | 5 6 8 |  8.0
Spellcasting   | 3 4 |  4.0
Stealth        | 2 3 4 |  4.0
Dodging        | 3 4 |  4.0
Invocations    | 1 4 5 |  5.8
Evocations     | 2 4 |  4.0
Shields        | 1 4 |  4.0

Action                   |  1- 3 |  4- 6 |  7- 9 || total
-------------------------+-------+-------+-------++-------
Melee: Unarmed           |    13 |       |       ||    13
       Staff             |    15 |       |       ||    15
       Quarterstaff      |    18 |    54 |       ||    72
       Dagger            |    20 |    59 |    29 ||   108
       Spear             |       |       |   201 ||   201
Throw: Dart              |       |       |     9 ||     9
 Cast: Summon Small Mamm |    33 |     1 |     1 ||    35
       Call Imp          |     4 |    12 |    40 ||    56
       Call Canine Famil |     1 |    11 |    33 ||    45
       Summon Guardian G |       |       |     9 ||     9
Invok: Heroism           |       |       |     8 ||     8
 Abil: Hop               |       |     2 |     5 ||     7
Evoke: Wand              |       |       |     8 ||     8
  Use: Scroll            |     5 |     8 |     8 ||    21
       Potion            |       |     1 |     3 ||     4
 Stab: Sleeping          |     4 |     2 |       ||     6
       Distracted        |     2 |       |     3 ||     5
Armor: Robe              |    12 |       |       ||    12
       Leather armour    |       |    35 |    14 ||    49
       Ring mail         |       |       |    47 ||    47
Dodge: Dodged            |    55 |    85 |   119 ||   259
Block: Buckler           |       |       |    17 ||    17

Table legend: (Time is in decaauts)
 A = Elapsed time spent in this place.
 B = Non-inter-level travel time spent in this place.
 C = Inter-level travel time spent in this place.
 D = Time resting spent in this place.
 E = Time spent auto-exploring this place.
 F = Levels seen in this place.
 G = Mean time per level.
                   A        B        C        D        E       F      G
               +--------+--------+--------+--------+--------+-----+--------+
         Total |  12035 |  11440 |    595 |   3333 |   6310 |  10 | 1203.5 |
       Dungeon |  11694 |  11148 |    546 |   3333 |   6080 |   8 | 1461.8 |
        Temple |    279 |    230 |     49 |      0 |    229 |   1 |  279.0 |
        Bailey |     60 |     60 |      0 |      0 |      0 |   1 |   60.0 |
               +--------+--------+--------+--------+--------+-----+--------+

Top non-repeatable levels by time:
     D:6: 2957 daAuts
     D:5: 2370 daAuts
     D:1: 1782 daAuts
     D:7: 1397 daAuts
     D:4: 1205 daAuts
     D:3: 914 daAuts
     D:2: 825 daAuts
  Temple: 279 daAuts
     D:8: 241 daAuts
  Bailey: 60 daAuts
